woodfighter, chaotic female sylph Priestess G ..... .<%.. h ...@f i ..f h woodfighter the Adept Experience level: 8 Strength: 13 Dexterity: 12 Constitution: 16 Intelligence: 19 Wisdom: 11 Charisma: 12 Health: 0(56) Energy: 93(93) Def: 3 Gold: 33 Moves: 8246 Dungeon seed: IvWgTP0UhqvB6r8H Game ID: woodfighter_1560017321 Your Inventory: Coins $ - 33 gold pieces Weapons a - a blessed corroded +1 mace (weapon in hand) m - a +0 dwarvish spear J - a blessed +2 dwarvish spear (in quiver) Armor n - a +0 small shield (being worn) q - a +2 dwarvish cloak (being worn) r - a cursed -1 pair of gauntlets of fumbling Comestibles x - 4 tripe rations z - a food ration B - 2 cram rations Rings Q - a ring of searching Wands d - a wand of digging (0:3) Tools s - a sack w - a magic whistle y - a skeleton key S - a brass lantern (0:1291) U - a brass lantern (0:1313) Gems e - a touchstone N - a topaz Contents of the sack: a sprig of wolfsbane a [+0] pick-axe Spells and supernatural/magical abilities: Name Level Category Fail Memory h - healing 1 healing 0% 59% l - light 1 divination 0% 59% p - protection 1 clerical 0% 59% W - pray for help -- divine ? -- X - turn undead -- divine ? -- Your skills at the end: Miscellaneous Skills shield [Basic] wands [Basic] Weapon Skills mace [Skilled] Spellcasting Skills clerical spells [Basic] Final Attributes: You were piously aligned. Your writing hand was ok. You saw invisible. You had infravision. You were displaced. You were very stealthy. You were protected from shape changers. You are dead. Vanquished creatures: 2 giant mimics a large mimic 3 small mimics a large dog a dwarf king a crocodile an elf mummy a wolf a leprechaun 2 gnome kings 2 dogs a dingo an ape a human zombie a wood nymph 10 Uruk-hai a rock piercer 2 fog clouds 2 shriekers 7 gnome lords 4 gnomish wizards a red naga hatchling a golden naga hatchling a straw golem 2 paper golems 4 giant ants 10 dwarves 2 kobold lords a kobold shaman 3 iguanas a rothe a rabid rat 3 jitterbugs a giant bat 2 monkeys an orc zombie 6 killer bees 3 coyotes a gas spore 4 hobbits 3 acid blobs 2 geckos a hobgoblin a giant rat 2 brown molds 5 yellow molds 2 green molds a red mold 24 gnomes 3 garter snakes 16 manes 15 jackals a fox 4 kobolds 13 newts 7 sewer rats 18 grid bugs 6 bats 13 lichens 4 kobold zombies 235 creatures vanquished. Voluntary challenges: You followed a strict vegan diet. You were not invisible. You did not have reflection. You had been an atheist until turn 8237. You used a wielded weapon 339 times, starting on turn 34. You did not apply a unicorn horn. You did not use plumbed fixtures. You did not drink any magical draughts. You were illiterate. You never genocided any monsters. You never polymorphed an object. You never changed form. You completed Sokoban on turn 5380, according to the rules. You used no wishes. You never split a pudding. You never wrote Elbereth's name. You never violated your personal moral code. Dungeon overview: The Dungeons of Doom: levels 1 to 7 Level 1 an altar to Set a long staircase Level 2 a sink stairs to The Gnomish Mines Level 3 a general store, an altar to Set, some fountains Level 4 (water + boxes) Level 5 many fountains Level 6 (water) an altar to Set, some fountains stairs to Sokoban Level 7 an altar to Mitra The Gnomish Mines: levels 3 to 6 Level 3 stairs to The Dungeons of Doom Level 4 Level 5 many shops, a temple to Set, a magic chest, some fountains Level 6 <- You were here Sokoban: levels 2 to 5 Level 2 a magic chest Level 3 Level 4 Level 5 a magic chest stairs to The Dungeons of Doom History has recorded: On T:1 you entered the Dungeons of Doom to retrieve the Amulet of Yendor! On T:278 you reached level 2 of The Dungeons of Doom. On T:726 you reached level 1 of The Gnomish Mines. On T:925 you advanced to experience level 2. On T:928 you reached level 3 of The Dungeons of Doom. On T:1040 you reached level 4 of The Dungeons of Doom. On T:1278 you advanced to experience level 3. On T:1781 you advanced to experience level 4. On T:1991 you reached level 5 of The Dungeons of Doom. On T:2201 you advanced to experience level 5. On T:2641 you reached level 6 of The Dungeons of Doom. On T:2827 you reached level 7 of The Dungeons of Doom. On T:2944 you reached level 4 of Sokoban. On T:2958 you advanced to experience level 6. On T:3092 you opened a magic chest. On T:3362 you reached level 3 of Sokoban. On T:4025 you reached level 2 of Sokoban. On T:4399 you reached level 1 of Sokoban. On T:4419 you advanced to experience level 7. On T:5380 you advanced to experience level 8. On T:5380 you entered the Sokoban zoo. On T:6359 you reached level 2 of The Gnomish Mines. On T:6622 you reached level 3 of The Gnomish Mines. On T:7361 you entered the Minetown temple On T:7935 you reached level 4 of The Gnomish Mines. On T:8237 you prayed to Set. Score breakdown: Gold: 33 ( 3 points) Experience: 8 levels ( 700 points) Exploration: 7 levels ( 180 points) Discoveries: 23 items ( 1150 points) Variety of kills: 60 monsters ( 2000 points) Major goal: finished Sokoban ( 1000 points) Survival: died (score multiplied by 3) Total score: 15099 Latest messages: The large dog bites! Kitty bites the large dog. The large dog bites kitty. You kill the large dog! You see here 4 daggers. The flask crashes on your central core and breaks into shards. Something seems to be holding you. You hear some noises. Kitty misses the panther. The panther claws you! (2x) The panther bites! The hobbit throws a runed dagger! You are hit by a runed dagger! Kitty bites the panther. The panther claws kitty. The panther misses kitty. (2x) Kitty bites the panther. The panther misses kitty. The panther claws kitty. The panther misses kitty. The panther claws you! (2x) The panther bites! Kitty bites the panther. The panther claws you! (2x) The panther bites! The panther claws you! (2x) You die... Final status: Goodbye woodfighter the Priestess, killed by a panther, while frozen by potion vapours... You died in The Gnomish Mines on dungeon level 6 with 15099 points, and 33 pieces of gold, after 8246 moves. You were level 8 with a maximum of 56 hit points when you died.